 Dungeon Crawl Stone Soup version 0.29-a0-370-gb5314be063 (webtiles) character file.

Game seed: 9503655705822014321

40758 Lekart the Cleaver (level 13, -10/114 HPs)
             Began as a Yellow Draconian Fighter on May 2, 2022.
             Was a High Priest of Qazlal.
             Mangled by a skeletal warrior
             ... wielding a +0 trident
              (13 damage)
             ... on level 14 of the Dungeon.
             The game lasted 00:28:36 (21489 turns).

Lekart the Cleaver (Yellow Draconian Fighter)      Turns: 21489, Time: 00:28:36

Health: -10/114    AC: 16    Str: 23    XL:     13   Next: 76%
Magic:  21/21      EV: 14    Int: 14    God:    Qazlal [*****.]
Gold:   173        SH: 14    Dex:  9    Spells: 12/12 levels left

rFire   . . .      SeeInvis .   a - +7 war axe (freeze)
rCold   . . .      Faith    +   b - +2 buckler
rNeg    . . .      Spirit   .   (body armour unavailable)
rPois   +          Reflect  .   (helmet restricted)
rElec   +          Harm     .   o - +0 cloak
rCorr   +          Rampage  .   D - +0 pair of gloves "Jachok" {*Corrode rPois Int+6}
Will    ++...                   R - +2 pair of boots "Zijaes" {+Blink rElec Str+4 Dex-5}
Stlth   +.........              j - amulet of faith
HPRegen 0.29/turn               u - ring of willpower
MPRegen 0.17/turn               e - ring of willpower

@: short of breath, protected from physical damage, repel missiles
A: spit acid, AC +8, unfitting armour, cold-blooded, acid resistance, claws 1,
hooves 1, clumsy 1, evolution 1
a: Breathe Acid, Renounce Religion, Evoke Blink, Upheaval, Elemental Force,
Disaster Area


You were on level 14 of the Dungeon.
You worshipped Qazlal.
Qazlal was extremely pleased with you.
You visited 2 branches of the dungeon, and saw 16 of its levels.
You also visited: Ossuary.

You collected 2133 gold pieces.
You spent 1960 gold pieces at shops.

Inventory:

Hand Weapons
 a - a +7 war axe of freezing (weapon)
 m - the +7 war axe of the Glimmering Gods {venom, rC+ Dex-4 Stlth+}
   (You bought it in a shop on level 2 of the Orcish Mines)

   It poisons the flesh of those it strikes.
   Dex:       It affects your dexterity (-4).
   rC:        It protects you from cold.
   Stlth:     It makes you more stealthy.
 F - a +1 falchion of flaming
Armour
 b - a +2 buckler (worn)
 o - a +0 cloak (worn)
 z - a +2 pair of boots of flying
 B - a +0 pair of gloves
 D - the +0 pair of gloves "Jachok" (worn) {*Corrode rPois Int+6}
   (You found it on level 11 of the Dungeon)

   Int:       It affects your intelligence (+6).
   rPois:     It protects you from poison.
   *Corrode:  It may corrode you when you take damage.
 R - the +2 pair of boots "Zijaes" (worn) {+Blink rElec Str+4 Dex-5}
   (You bought it in a shop on level 1 of the Orcish Mines)

   Str:       It affects your strength (+4).
   Dex:       It affects your dexterity (-5).
   rElec:     It insulates you from electricity.
   +Blink:    It lets you blink.
Jewellery
 e - a ring of willpower (right hand)
 j - an amulet of faith (around neck)
 l - a ring of magical power
 n - a ring of positive energy
 u - a ring of willpower (left hand)
 y - a +6 ring of dexterity
 A - a ring of ice
 E - an amulet of guardian spirit
 J - an amulet of the acrobat
Wands
 g - a wand of charming (3)
 M - a wand of digging (7)
 P - a wand of flame (17)
Scrolls
 c - 15 scrolls of teleportation
 d - 4 scrolls of fear
 p - 5 scrolls of magic mapping
 w - 2 scrolls of immolation
 x - 2 scrolls of fog
 C - 5 scrolls of identify
 H - a scroll of silence
 L - a scroll of amnesia
 Q - a scroll of blinking
 S - a scroll of summoning
Potions
 f - 6 potions of attraction
 h - 3 potions of magic
 i - 12 potions of curing
 k - a potion of brilliance
 q - 2 potions of haste
 r - 3 potions of invisibility
 s - 2 potions of berserk rage
 t - 2 potions of might
 v - 3 potions of flight
 G - a potion of ambrosia
 I - 4 potions of heal wounds
 K - 3 potions of mutation
 O - 2 potions of lignification


   Skills:
 + Level 10.4 Fighting
 + Level 14.7 Axes
 + Level 8.6 Dodging
 + Level 10.2 Shields
 * Level 11.9 Invocations
 + Level 2.6 Evocations


You had 12 spell levels left.
You didn't know any spells.
Your spell library contained the following spells:

 Spells                   Type           Power      Damage    Failure   Level
 Shock                    Conj/Air       0%         1d3       34%         1
 Corpse Rot               Necr/Air       0%         N/A       45%         2
 Poisonous Vapours        Pois/Air       0%         N/A       45%         2
 Frozen Ramparts          Ice            0%         1d2       71%         3
 Gell's Gravitas          Tloc           0%         N/A       71%         3
 Lesser Beckoning         Tloc           0%         N/A       71%         3
 Portal Projectile        Hex/Tloc       0%         N/A       71%         3
 Stone Arrow              Conj/Erth      0%         3d7       71%         3
 Swiftness                Air            0%         N/A       71%         3
 Teleport Other           Tloc           0%         N/A       71%         3
 Tukima's Dance           Hex            0%         N/A       71%         3
 Airstrike                Air            0%         N/A       98%         4
 Anguish                  Hex/Necr       0%         N/A       98%         4
 Ice Form                 Ice/Tmut       0%         N/A       98%         4
 Summon Ice Beast         Ice/Summ       0%         N/A       98%         4
 Blade Hands              Tmut           0%         N/A       100%        5
 Excruciating Wounds      Necr           0%         N/A       100%        5
 Fireball                 Conj/Fire      0%         3d3       100%        5
 Starburst                Conj/Fire      0%         6d3       100%        6
 Enfeeble                 Hex            0%         N/A       100%        7
 Ignition                 Fire           0%         3d3       100%        8
 Lehudib's Crystal Spear  Conj/Erth      0%         10d2      100%        8
 Animate Armour           Summ/Erth      Unusable   N/A       N/A         4

Dungeon Overview and Level Annotations

Branches:
Dungeon (14/15)            Temple (0/1) D:5            Lair (0/6) D:8
    Orc (2/2) D:12            Elf (0/3) Orc:2        Vaults (0/5) D:13
Ossuary (visited)

Altars:
Elyvilon
Gozag
Nemelex Xobeh
Qazlal
Ru
Zin
The Shining One
Beogh

Shops:
D:3 :   D:4 :   D:5 [   D:10 !   D:11 *   D:12 ?   Orc:1 **   Orc:2 [=(

Annotations:
D:9 exclusion: downstairs


Innate Abilities, Weirdness & Mutations

You can spit globs of acid.
Your golden yellow scales are hard. (AC +8)
You cannot fit into any form of body armour.
You are cold-blooded and may be slowed by cold attacks.
You are resistant to acid. (rCorr)
You have sharp fingernails.
You have large cloven feet.
You are clumsy. (Dex -2)
You have hidden genetic potential.


Message History

You barely miss the skeletal warrior.
The skeletal warrior is heavily damaged.
You block the skeletal warrior's attack.
You closely miss the skeletal warrior.
The skeletal warrior is heavily damaged.
The skeletal warrior hits you with a +0 quarterstaff!
You feel more protected from physical attacks.
You are too injured to fight recklessly!
You are too injured to fight recklessly!
You slash the skeletal warrior! You freeze the skeletal warrior.
You tail-slap the skeletal warrior.
The skeletal warrior is severely damaged.
You hit the skeletal warrior.
The skeletal warrior is almost destroyed.
You block the skeletal warrior's attack.
You slice the skeletal warrior!!
You destroy the skeletal warrior!
Qazlal accepts your kill.
The skeletal warrior hits you from afar with a +0 trident!
The skeletal warrior hits you but does no damage.
You block the skeletal warrior's attack.
You closely miss the skeletal warrior.
The skeletal warrior is engulfed in blazing flames.
The skeletal warrior hits you with a +0 trident.
You hit the skeletal warrior. You freeze the skeletal warrior.
Your tail-slap misses the skeletal warrior.
The skeletal warrior is lightly damaged.
You closely miss the skeletal warrior.
The skeletal warrior is engulfed in blazing flames.
The skeletal warrior hits you with a +0 trident!!
* * * LOW HITPOINT WARNING * * *
The skeletal warrior hits you with a +0 scimitar.
* * * LOW HITPOINT WARNING * * *
The skeletal warrior attacks as you move away!
The skeletal warrior hits you with a +0 scimitar!
* * * LOW HITPOINT WARNING * * *
You feel more protected from physical attacks.
The skeletal warrior is engulfed in blazing flames.
The skeletal warrior hits you with a +0 trident!
You die...

..................
###########.#.#.....#####
#............#......#
#.........#.#.#.....#
#..........#........#
#.......#.#.#.#.....#
#.............○.....#
#.....#.......#zz...#
#............○@☼....#
###...#.#.....#.#°.○..#
..#....#.........○☼○..#
..#(#.#.#.).#.#§#.....#
.....#................#
..#.#.#.#.#.#.#.#.....#
..................#####
..............#....
###...........# ...


You could see 2 skeletal warriors.

Vanquished Creatures
  An orc warlord (Orc:2)
  Josephine (D:13)
  A boulder beetle (D:13)
  5 two-headed ogres
  An orc high priest (Orc:2)
  Urug (Orc:2)
  3 skeletal warriors (D:14)
  A deep elf zephyrmancer (D:12)
  A glowing orange brain (shapeshifter) (D:13)
  5 orc knights
  A deep elf pyromancer (D:12)
  2 ugly things
  A manticore (D:13)
  4 orc sorcerers
  A cyclops (D:12)
  2 gargoyles
  Joseph (D:10)
  2 komodo dragons
  3 unseen horrors
  4 kobold demonologists (D:10)
  An efreet (D:10)
  A tengu conjurer (D:14)
  9 trolls
  A merfolk (D:12)
  5 hornets
  A dream sheep (shapeshifter) (D:13)
  5 slime creatures
  2 shadows (D:10)
  8 wraiths
  A spriggan (D:12)
  A wyvern (D:10)
  A vampire (D:12)
  A spriggan (shapeshifter) (D:13)
  13 yaks
  A human (D:12)
  2 steam dragons (D:7)
  A vampire mosquito (D:10)
  5 acid dragons
  5 wargs
  A floating eye (shapeshifter) (D:13)
  A water moccasin (D:5)
  A sky beast (D:8)
  4 ice beasts
  26 orc warriors
  2 black bears (D:5)
  8 ogres
  4 centaurs
  2 phantoms
  3 bullfrogs
  9 kobold brigands
  3 gnoll sergeants
  A scorpion (D:5)
  5 wights
  13 killer bees
  4 howler monkeys
  4 hounds
  2 gnoll shamans
  9 orc priests
  4 jellies
  Crazy Yiuf (D:3)
  Natasha (thrice) (D:4)
  Terence (D:2)
  7 iguanas
  20 orc wizards
  8 mummies (Ossuary)
  15 gnolls
  14 adders
  2 shadow imps (D:7)
  A white imp (D:5)
  A worm (D:2)
  3 dart slugs
  77 orcs
  5 endoplasms
  5 giant cockroaches
  2 gnoll zombies (Ossuary)
  6 goblins
  10 hobgoblins
  2 jackals (D:3)
  31 kobolds
  4 quokkas
  9 ball pythons
  6 bats
  4 frilled lizards
  4 hobgoblin zombies (Ossuary)
  2 orc zombies (Ossuary)
  4 rats
458 creatures vanquished.

Vanquished Creatures (collateral kills)
  Jorgrun (D:13)
  An orc warlord (Orc:1)
  2 two-headed ogres (D:11)
  An ogre mage (D:11)
  A troll (Orc:1)
  A yak (D:8)
  A water moccasin (D:9)
  2 orc warriors (Orc:1)
  An ogre (D:11)
11 creatures vanquished.

Vanquished Creatures (others)
  An orc (D:7)
  A hobgoblin (D:3)
2 creatures vanquished.

Grand Total: 471 creatures vanquished

Notes
Turn   | Place    | Note
-------+----------+-------------------------------------------
     0 | D:1      | Lekart the Draconian Fighter began the quest for the Orb.
     0 | D:1      | Reached XP level 1. HP: 19/19 MP: 1/1
   400 | D:1      | Reached XP level 2. HP: 26/26 MP: 2/2
   740 | D:1      | Found a faded altar of an unknown god.
   743 | D:1      | Prayed at the altar of an unknown god.
   743 | D:1      | Became a worshipper of Qazlal Stormbringer
   743 | D:1      | Reached * piety under Qazlal
  1221 | D:2      | Reached XP level 3. HP: 27/33 MP: 3/3
  1332 | D:2      | Reached skill level 1 in Invocations
  1383 | D:2      | Noticed Terence
  1399 | D:2      | Killed Terence
  1400 | D:2      | Reached skill level 3 in Axes
  1400 | D:2      | Reached XP level 4. HP: 19/40 MP: 3/5
  2361 | D:3      | Reached XP level 5. HP: 40/46 MP: 6/6
  2448 | D:3      | Reached ** piety under Qazlal
  2495 | D:3      | Found Boeqai Ifywk's Book Shoppe.
  3266 | D:3      | Found a runed translucent door.
  3267 | D:3      | Noticed Crazy Yiuf
  3354 | D:3      | Killed Crazy Yiuf
  3355 | D:3      | Reached skill level 4 in Axes
  3658 | D:4      | Found a sparkling altar of Nemelex Xobeh.
  3670 | D:4      | Found an opulent altar of Gozag.
  3683 | D:4      | Reached XP level 6. HP: 34/52 MP: 7/7
  3789 | D:4      | Found a stormy altar of Qazlal.
  3837 | D:4      | Reached *** piety under Qazlal
  4104 | D:4      | Noticed Natasha
  4113 | D:4      | Killed Natasha
  4164 | D:4      | Noticed Natasha
  4166 | D:4      | Killed Natasha
  4320 | D:4      | Found a sand-covered staircase.
  4338 | Ossuary  | Entered an ossuary
  4388 | Ossuary  | Reached skill level 5 in Axes
  4735 | D:4      | Noticed Natasha
  4743 | D:4      | Killed Natasha
  4744 | D:4      | Your scales start taking on a golden yellow colour.
  4744 | D:4      | Reached XP level 7. HP: 58/60 MP: 9/9
  4744 | D:4      | Gained mutation: You are resistant to acid. (rCorr) [Yellow
                  | Draconian growth]
  4851 | D:4      | Found Tofuj's Book Boutique.
  5185 | D:5      | Entered Level 5 of the Dungeon
  5259 | D:5      | Reached **** piety under Qazlal
  5343 | D:5      | Reached skill level 6 in Axes
  5556 | D:5      | Reached XP level 8. HP: 65/67 MP: 11/11
  5919 | D:5      | Reached skill level 5 in Fighting
  6136 | D:5      | Found a staircase to the Ecumenical Temple.
  6163 | D:5      | Found Omnoiv's Armour Emporium.
  6178 | D:5      | Bought a +1 pair of boots of flying for 181 gold pieces
  6299 | D:5      | Reached skill level 7 in Axes
  6537 | D:6      | Reached skill level 5 in Invocations
  6543 | D:6      | Reached skill level 5 in Shields
  7349 | D:6      | Found a sacrificial altar of Ru.
  7662 | D:7      | Reached XP level 9. HP: 53/74 MP: 13/13
  7668 | D:7      | Reached skill level 8 in Axes
  7678 | D:7      | Reached skill level 5 in Dodging
  8660 | D:8      | Gained mutation: You expend magic power (3 MP) to
                  | strengthen your wands. [potion of mutation]
  8660 | D:8      | Gained mutation: Your flesh is cold resistant. (rC+)
                  | [potion of mutation]
  8661 | D:8      | Lost mutation: You expend magic power (3 MP) to strengthen
                  | your wands. [potion of mutation]
  8661 | D:8      | Lost mutation: Your flesh is cold resistant. (rC+) [potion
                  | of mutation]
  8661 | D:8      | Gained mutation: You have hidden genetic potential. [potion
                  | of mutation]
  8674 | D:8      | Found a white marble altar of Elyvilon.
  8674 | D:8      | Found a glowing golden altar of the Shining One.
  8674 | D:8      | Found a glowing silver altar of Zin.
  8820 | D:8      | Reached skill level 9 in Axes
  8886 | D:8      | Reached XP level 10. HP: 23/84 MP: 1/15
  9444 | D:8      | Found a staircase to the Lair.
  9853 | D:9      | Reached skill level 10 in Axes
  9883 | D:9      | Gained mutation: You have large cloven feet. [hidden
                  | potential]
 10946 | D:10     | Entered Level 10 of the Dungeon
 11221 | D:10     | Noticed Joseph
 11230 | D:10     | Killed Joseph
 11386 | D:10     | Reached skill level 11 in Axes
 11445 | D:10     | Noticed an orc knight
 11458 | D:11     | Reached XP level 11. HP: 28/92 MP: 17/17
 11723 | D:11     | Found Yhamir's General Store.
 11753 | D:11     | Noticed a two-headed ogre
 11754 | D:11     | Noticed a two-headed ogre
 11756 | D:11     | Noticed a two-headed ogre
 11758 | D:11     | Noticed a two-headed ogre
 11762 | D:11     | Noticed an ogre mage
 11762 | D:11     | Killed a two-headed ogre
 11764 | D:11     | Killed a two-headed ogre
 11774 | D:10     | Gained mutation: You have great hidden genetic potential.
                  | [hidden potential]
 11774 | D:10     | Lost mutation: You have great hidden genetic potential.
                  | [hidden potential expressed]
 11815 | D:10     | Killed an orc knight
 11994 | D:10     | Reached skill level 1 in Evocations
 12502 | D:10     | Noticed a soul eater
 12550 | D:10     | Reached ***** piety under Qazlal
 12551 | D:10     | Reached skill level 12 in Axes
 12880 | D:10     | Found Sorcheish's Distillery.
 12886 | D:10     | Bought 2 potions of heal wounds for 120 gold pieces
 12886 | D:10     | Bought a potion of heal wounds for 60 gold pieces
 12886 | D:10     | Bought a potion of curing for 36 gold pieces
 12886 | D:10     | Bought a potion of curing for 36 gold pieces
 12886 | D:10     | Bought a potion of curing for 36 gold pieces
 12886 | D:10     | Bought a potion of might for 48 gold pieces
 12886 | D:10     | Bought a potion of berserk rage for 60 gold pieces
 13230 | D:10     | Paralysed by a hornet for 1 turns
 13673 | D:11     | Noticed a two-headed ogre
 13689 | D:11     | Killed a two-headed ogre
 14055 | D:11     | Killed an ogre mage
 14056 | D:11     | Reached XP level 12. HP: 63/103 MP: 5/19
 14059 | D:11     | Killed a two-headed ogre
 14061 | D:11     | Killed a two-headed ogre
 14272 | D:11     | Identified the +0 pair of gloves "Jachok" {*Corrode rPois
                  | Int+6}
 14870 | D:12     | Reached skill level 10 in Invocations
 14872 | D:12     | Gained mutation: You have sharp fingernails. [hidden
                  | potential]
 15424 | D:12     | Found a staircase to the Orcish Mines.
 15477 | D:12     | Reached skill level 13 in Axes
 15851 | D:12     | Found Zugiovo's Magic Scroll Shoppe.
 15888 | D:12     | Bought a scroll of brand weapon for 260 gold pieces
 15888 | D:12     | Bought a scroll of blinking for 97 gold pieces
 15888 | D:12     | Bought a scroll of teleportation for 39 gold pieces
 15888 | D:12     | Bought a scroll of teleportation for 39 gold pieces
 16427 | D:13     | Noticed Josephine
 16499 | Orc:1    | Entered Level 1 of the Orcish Mines
 16504 | Orc:1    | Paralysed by an orc sorcerer for 2 turns
 16913 | Orc:1    | Found Siukunt's CLEARANCE SALE!.
 16930 | Orc:1    | Noticed an orc warlord
 16948 | Orc:1    | Killed an orc warlord
 17031 | Orc:1    | Bought a wand of iceblast (5) for 45 gold pieces
 17031 | Orc:1    | Bought 2 potions of curing for 30 gold pieces
 17297 | Orc:1    | Found Beemademp's General Store.
 17399 | Orc:2    | Entered Level 2 of the Orcish Mines
 17590 | Orc:2    | Noticed an orc high priest
 18134 | Orc:2    | Killed an orc high priest
 18135 | Orc:2    | Reached XP level 13. HP: 55/111 MP: 21/21
 18698 | Orc:2    | Noticed an orc warlord
 18730 | Orc:2    | Killed an orc warlord
 18747 | Orc:2    | Gained mutation: You have great hidden genetic potential.
                  | [hidden potential]
 18747 | Orc:2    | Lost mutation: You have great hidden genetic potential.
                  | [hidden potential expressed]
 19087 | Orc:2    | Reached skill level 14 in Axes
 19274 | Orc:2    | Found Haho Azues's Jewellery Boutique.
 19343 | Orc:2    | Found Qogazan's Antique Weapon Boutique.
 19343 | Orc:2    | Gained mutation: You are clumsy. (Dex -2) [a neqoxec]
 19349 | Orc:2    | Noticed Urug
 19370 | Orc:2    | Killed Urug
 19761 | Orc:2    | Found a staircase to the Elven Halls.
 19775 | Orc:2    | Found Nets's General Store.
 19797 | Orc:2    | Found Homasti's Antique Armour Boutique.
 19951 | Orc:2    | Bought a warped war axe for 306 gold pieces
 19951 | Orc:2    | Identified the +7 war axe of the Glimmering Gods {venom,
                  | rC+ Dex-4 Stlth+} (You bought it in a shop on level 2 of
                  | the Orcish Mines)
 19995 | Orc:1    | Bought the +2 pair of boots "Zijaes" {+Blink rElec Str+4
                  | Dex-5} for 567 gold pieces
 20071 | D:13     | Reached skill level 10 in Fighting
 20196 | D:13     | Killed Josephine
 20539 | D:13     | Found a gate to the Vaults.
 20612 | D:13     | Reached skill level 10 in Shields
 20696 | D:13     | Noticed Jorgrun
 20706 | D:13     | Killed Jorgrun
 21489 | D:14     | HP: 3/114 [skeletal warrior/+0 scimitar (12)]
 21489 | D:14     | Mangled by a skeletal warrior

Illustrated notes

Levels and vault maps discovered:
D:1:      dpeg_arrival_court, layout_loops_corners,
          hellmonk_ecumenical_altar_defaced_shrine
D:2:      minmay_alternating_diamond, layout_basic, st_stairs_1,
          patterned_corridor, uniq_terence
D:3:      layout_loops_ring, serial_shops, nicolae_shop_waterfront,
          uniq_crazy_yiuf_cottage
D:4:      layout_loops_corners, grunt_temple_overflow_open, serial_shops,
          nicolae_shop_behind_doors, nicolae_ossuary_entry_ruins,
          hangedman_abyss_or_decor_lesser_grid, uniq_natasha
D:5:      cheibrodos_barr_body, layout_gridville,
          minmay_temple_entry_drinking_statues, serial_shops,
          nicolae_shop_waterfront
D:6:      layout_basic, mainiacjoe_overflow_alcove_2
D:7:      layout_basic
D:8:      layout_basic, good_gods_mini_temple, lair_entry_dummy,
          kennysheep_cluttered_room
D:9:      layout_basic
D:10:     minmay_imperfect_grid, layout_basic, serial_shops, shop, uniq_joseph
D:11:     layout_cave_pods, serial_shops, shop
D:12:     layout_rooms, david_orc_4, serial_shops, shop, hangedman_stone_soup
D:13:     layout_basic, david_vaults_2, serial_glass, glass_columns_c,
          glass_columns_c, uniq_josephine, uniq_jorgrun
D:14:     layout_grid_maze, hangedman_decor_riveting, lemuel_blue_sif_altar,
          uniq_agnes
Orc:1:    layout_caves, serial_shops, shop, nicolae_shop_clearance
Orc:2:    grunt_orc_cross, layout_caves, lightli_orcish_oven, uniq_urug

Skill      XL: |  1  2  3  4  5  6  7  8  9 10 11 12 13 |
---------------+----------------------------------------+-----
Dodging        | 3 4 5 6 7 8 |  8.6
Invocations    | 1 2 3 4 5 6 8 9 10 11 | 11.9
Axes           | 3 4 5 6 7 9 11 12 13 14 | 14.7
Fighting       | 4 5 6 7 8 9 10 | 10.4
Shields        | 4 5 6 8 9 10 | 10.2
Evocations     | 1 2 |  2.6

Action                   |  1- 3 |  4- 6 |  7- 9 | 10-12 | 13-15 || total
-------------------------+-------+-------+-------+-------+-------++-------
Melee: War axe           |    74 |   199 |   231 |   584 |   225 ||  1313
       Tailslap          |     9 |    21 |    27 |    90 |    33 ||   180
Invok: Elemental Force   |       |       |     2 |     3 |     1 ||     6
       Upheaval          |       |       |     4 |       |     4 ||     8
       Disaster Area     |       |       |       |     2 |     2 ||     4
 Abil: Breathe Acid      |       |       |     2 |     8 |     3 ||    13
Evoke: Wand              |       |       |       |    24 |     7 ||    31
  Use: Potion            |     1 |       |     4 |     5 |       ||    10
       Scroll            |       |    15 |     4 |    12 |     1 ||    32
 Stab: Distracted        |       |       |     1 |       |     1 ||     2
Armor: Skin              |    22 |    55 |    64 |   150 |    26 ||   317
Dodge: Dodged            |    44 |   102 |   118 |   273 |    66 ||   603
       Repelled          |       |       |     1 |     5 |     2 ||     8
Block: Buckler           |    17 |    86 |   139 |   375 |   117 ||   734

Table legend: (Time is in decaauts)
 A = Elapsed time spent in this place.
 B = Non-inter-level travel time spent in this place.
 C = Inter-level travel time spent in this place.
 D = Time resting spent in this place.
 E = Time spent auto-exploring this place.
 F = Levels seen in this place.
 G = Mean time per level.
                   A        B        C        D        E       F      G
               +--------+--------+--------+--------+--------+-----+--------+
         Total |  21615 |  20880 |    735 |   3729 |  14101 |  17 | 1271.5 |
       Dungeon |  17942 |  17321 |    621 |   3001 |  11811 |  14 | 1281.6 |
  Orcish Mines |   3302 |   3189 |    113 |    728 |   2000 |   2 | 1651.0 |
       Ossuary |    371 |    371 |      0 |      0 |    290 |   1 |  371.0 |
               +--------+--------+--------+--------+--------+-----+--------+

Top non-repeatable levels by time:
    D:10: 2423 daAuts
   Orc:2: 1837 daAuts
    D:12: 1772 daAuts
     D:4: 1510 daAuts
    D:11: 1494 daAuts
   Orc:1: 1465 daAuts
     D:9: 1406 daAuts
     D:8: 1366 daAuts
     D:3: 1327 daAuts
     D:2: 1205 daAuts
    D:13: 1186 daAuts
     D:1: 1183 daAuts
     D:6: 1150 daAuts
     D:5: 1034 daAuts
     D:7: 783 daAuts
